 Dungeon Crawl Stone Soup version 0.20-a0-1036-g4d371cd (webtiles) character file.

438 Rrauwl the Skirmisher (level 6, 0/84 HPs)
             Began as a Minotaur Abyssal Knight on Apr 22, 2017.
             Was a Believer of Lugonu.
             Succumbed to a killer bee's poison
             ... on level 4 of the Dungeon.
             The game lasted 00:09:30 (3043 turns).

Rrauwl the Skirmisher (Minotaur Abyssal Knight)     Turns: 3043, Time: 00:09:31

Health: 0/84       AC: 23    Str: 17    XL:     6   Next: 69%
Magic:  6/6        EV:  2    Int: 12    God:    Lugonu [**....]
Gold:   181        SH:  0    Dex: 10    Spells: 5/5 levels left

rFire    . . .     SeeInvis +   l - +2 dagger (elec)
rCold    . . .     Gourm    .   (no shield)
rNeg     + + +     Faith    .   (armour currently unavailable)
rPois    +         Spirit   .   (helmet currently unavailable)
rElec    .         Reflect  .   (cloak currently unavailable)
rCorr    .         Harm     .   (gloves currently unavailable)
MR       .....     NoTele   +   (boots currently unavailable)
Stlth    +.........             j - amulet of rage
Regen    0.3/turn               g - ring of teleportation (curse)
MPRegen  0.1/turn               o - ring of see invisible

@: lethally poisoned (0 -> -5), tree-form, very slightly contaminated,
invisible, very slow
A: (retaliatory headbutt), clever 1, MP-powered wands
a: Depart the Abyss, Bend Space, Renounce Religion, Evoke Berserk Rage


You were on level 4 of the Dungeon.
You worshipped Lugonu.
Lugonu was pleased with you.
You were not hungry.
You were a tree.
You visited 1 branch of the dungeon, and saw 4 of its levels.
You visited the Abyss 1 time.

You collected 181 gold pieces.

Inventory:

Hand Weapons
 a - a +1 hand axe
 k - a +3 flail of protection
 l - a +2 dagger of electrocution (weapon)
Missiles
 s - 6 tomahawks (quivered)
Armour
 p - a +0 scale mail (melded)
Jewellery
 g - a cursed ring of teleportation (left branch)
 j - an amulet of rage (around neck)
 o - a ring of see invisible (right branch)
Wands
 d - a wand of digging (10/24)
 r - a wand of paralysis (7/24)
Scrolls
 f - 3 scrolls of teleportation
 t - a scroll of magic mapping
Potions
 m - 2 potions of lignification
Books
 h - a book of Power

   Spells                             Type                      Level
   a - Iskenderun's Battlesphere      Conjuration/Charms           5
   b - Venom Bolt                     Conjuration/Poison           5
   c - Bolt of Magma                  Conjuration/Fire/Earth       5
   d - Iron Shot                      Conjuration/Earth            6
   e - Orb of Destruction             Conjuration                  7
   f - Spellforged Servitor           Conjuration/Summoning        7
Miscellaneous
 e - a phial of floods (inert)
Comestibles
 b - 6 chunks of flesh
 c - 2 bread rations
 i - 2 meat rations
 n - 3 royal jellies


   Skills:
 + Level 5.2 Fighting
 + Level 4.3 Axes
 + Level 4.3 Armour
 + Level 3.8 Dodging
 - Level 2.0 Invocations
 - Level 2.0 Evocations


You had 5 spell levels left.
You didn't know any spells.

Dungeon Overview and Level Annotations

Branches:
Dungeon (4/15)
 Temple: D:4-7

Altars:
Sif Muna


Innate Abilities, Weirdness & Mutations

((You reflexively headbutt those who attack you in melee.))
((You have a pair of horns on your head.))
Your mind is acute. (Int +2)
((Your flesh is heat resistant. (rF+)))
You expend magic power (3 MP) to strengthen your wands.


Message History

The water rises up and takes form.
* * * LOW HITPOINT WARNING * * *
You feel sick.
You turn into a tree.
Your +0 scale mail melds into your body.
Your roots penetrate the ground.
* * * LOW HITPOINT WARNING * * *
You feel sick.
There is a lethal amount of poison in your body!
* * * LOW HITPOINT WARNING * * *
You feel sick.
* * * LOW HITPOINT WARNING * * *
You feel sick.
* * * LOW HITPOINT WARNING * * *
You feel sick.
You are stuck in your current form!
You are stuck in your current form!
* * * LOW HITPOINT WARNING * * *
You feel sick.
You die...

#. ##.
##..##
##....#
#....<##
.y...##(≈#
... ##†##
. ##E##
##♣# #.#
.## ##


You could see a friendly water elemental.

Vanquished Creatures
  5 killer bees (D:4)
  A bullfrog skeleton (D:3)
  Terence (D:3)
  8 adders
  A worm (D:2)
  A dart slug (D:2)
  A leopard gecko (D:3)
  10 orcs (D:3)
  A ball python (D:3)
  9 bats
  6 giant cockroaches
  5 goblins
  8 hobgoblins
  4 jackals (D:2)
  10 kobolds
  A quokka (D:2)
  A frilled lizard (D:3)
  7 rats
80 creatures vanquished.

Notes
Turn   | Place    | Note
-------+----------+-------------------------------------------
     0 | Abyss:1  | Rrauwl the Minotaur Abyssal Knight began the quest for the Orb.
     0 | Abyss:1  | Reached XP level 1. HP: 19/19 MP: 1/1
    72 | Abyss:2  | Noticed a blizzard demon
    99 | D:1      | Escaped the Abyss
   583 | D:1      | Reached * piety under Lugonu
   583 | D:1      | Reached XP level 2. HP: 26/26 MP: 2/2
   676 | D:1      | Noticed a basilisk
   676 | D:1      | Noticed a tyrant leech
   676 | D:1      | Noticed a queen ant
   676 | D:1      | Noticed a yaktaur captain
   932 | D:2      | Reached skill level 1 in Evocations
   951 | D:2      | Reached XP level 3. HP: 26/33 MP: 3/3
  1176 | D:2      | Reached skill level 4 in Fighting
  1176 | D:2      | Reached XP level 4. HP: 23/40 MP: 4/4
  1384 | D:2      | Gained mutation: You expend magic power (3 MP) to strengthen your wands. [potion of mutation]
  1384 | D:2      | Gained mutation: Your mind is acute. (Int +2) [potion of mutation]
  1384 | D:2      | Gained mutation: Your flesh is heat resistant. (rF+) [potion of mutation]
  2097 | D:2      | Reached ** piety under Lugonu
  2235 | D:3      | Noticed Terence
  2252 | D:3      | Killed Terence
  2318 | D:3      | Reached XP level 5. HP: 39/47 MP: 5/5
  2515 | D:3      | Found a deep blue altar of Sif Muna.
  3021 | D:4      | Reached XP level 6. HP: 18/55 MP: 6/6
  3031 | D:4      | Reached skill level 5 in Fighting
  3038 | D:4      | HP: 4/84 [poisoned by a killer bee]
  3041 | D:4      | HP: 1/84 [poisoned by a killer bee]
  3043 | D:4      | Succumbed to a killer bee's poison

Vault maps used:
D:1:      onia_arrival_zoo_common
D:2:      first_bread
D:3:      led_sif_pool, uniq_terence
D:4:      old_standard_altar, serial_shops, nicolae_shop_waterfront,
          minivault_26, uniq_eustachio
Abyss:2:  abyss_exit_lava

Skill      XL: |  1  2  3  4  5  6 |
---------------+-------------------+-----
Invocations    | 2 |  2.0
Evocations     | 1 2 |  2.0
Dodging        | 2 3 |  3.8
Axes           | 3 4 |  4.3
Fighting       | 4 5 |  5.2
Armour         | 3 4 |  4.3

Action                   |  1- 3 |  4- 6 || total
-------------------------+-------+-------++-------
Melee: Hand axe          |    58 |     1 ||    59
       Headbutt          |     6 |    21 ||    27
       Dagger            |       |   139 ||   139
Throw: Tomahawk          |       |     5 ||     5
Invok: Depart the Abyss  |     1 |       ||     1
Evoke: Phial of floods   |       |     1 ||     1
  Use: Scroll            |     1 |     5 ||     6
       Potion            |       |     9 ||     9
 Stab: Invisible         |       |     2 ||     2
  Eat: Chunk             |     1 |     6 ||     7
Armor: Leather armour    |     6 |       ||     6
       Scale mail        |    13 |    53 ||    66
Dodge: Dodged            |    40 |    76 ||   116
